 Dungeon Crawl Stone Soup version 0.19.1 (webtiles) character file.

39 KarmaPolice the Vandal (level 3, -5/24 HPs)
             Began as a Halfling Hunter on Dec 2, 2016.
             Slain by Natasha (7 damage)
             ... on level 2 of the Dungeon.
             The game lasted 00:02:21 (1196 turns).

KarmaPolice the Vandal (Halfling Hunter)            Turns: 1196, Time: 00:02:22

Health: -5/24      AC: 10    Str: 13    XL:     3   Next: 70%
Magic:  3/3        EV: 12    Int:  9    God:
Gold:   30         SH:  0    Dex: 15    Spells: 0 memorised, 2 levels left

rFire  x . .     SeeInvis .     b - +0 short sword
rCold  + + .     Gourm    .     m - +0 ice dragon scales
rNeg   . . .     Faith    .     (shield restricted)
rPois  .         Spirit   .     (no helmet)
rElec  .         Reflect  .     (no cloak)
rCorr  .         Harm     .     (no gloves)
MR     .....                    q - +0 pair of boots
Stlth  ..........               (no amulet)
                                (no ring)
                                (no ring)

@: slowed, very slow
A: mutation resistance 1
a: no special abilities


You were on level 2 of the Dungeon.
You were not hungry.

You visited 1 branch of the dungeon, and saw 2 of its levels.

You collected 30 gold pieces.

Inventory:

Hand Weapons
 a - a +1 hunting sling
 b - a +0 short sword (weapon)
Missiles
 d - 20 sling bullets
 r - 19 stones (quivered)
Armour
 e - a +1 leather armour of cold resistance
 m - +0 ice dragon scales (worn)
 q - a +0 pair of boots (worn)
Jewellery
 t - an uncursed ring of ice {unknown}
Scrolls
 g - 3 scrolls of remove curse {unknown}
 i - a scroll of amnesia {unknown}
 k - 2 scrolls of identify {unknown}
 s - 3 scrolls of blinking {unknown}
Potions
 h - a potion of haste {unknown}
 j - a potion of berserk rage {unknown}
 l - a potion of curing {unknown}
 n - a potion of lignification {unknown}
 o - a potion of brilliance {unknown}
Comestibles
 c - 2 beef jerkies
 f - 2 bread rations
 p - 5 chunks of flesh


   Skills:
 + Level 2.0 Fighting
 + Level 1.0 Short Blades
 + Level 6.6 Slings
 + Level 2.9 Dodging
 - Level 1.1 Stealth


You had 2 spell levels left.
You didn't know any spells.

Dungeon Overview and Level Annotations

Branches:
Dungeon (2/15)

Altars:

Annotations:
D:2 Natasha


Innate Abilities, Weirdness & Mutations

You are small and have problems with some larger weapons.
You are somewhat resistant to further mutation.


Message History

Natasha stares at you and mumbles some strange words.
The magic dart hits you!
Natasha zaps a wand.
The puff of flame hits you!
You hit Natasha.
Natasha is severely wounded.
Natasha claws you but does no damage.
You hit Natasha but do no damage.
Natasha is severely wounded.
Natasha barely misses you.
Natasha zaps a wand.
The puff of flame hits you! The fire burns you terribly!
* * * LOW HITPOINT WARNING * * *
You hit Natasha but do no damage.
Natasha is severely wounded.
Natasha claws you.
* * * LOW HITPOINT WARNING * * *
You closely miss Natasha.
Natasha is severely wounded.
Natasha casts a spell at you. The magic dart hits you!
The worm bites you but does no damage. Natasha claws you!
You die...

#.## #.# #..# #.#
... ##.## ###+###..
### #..# #.......
..# ##.##
#......####### ..#
#..# #...........).
..#
##.###.............
..#
#..##......w......
..#
##.##.....@h......
..#
#..#.............
..#
##.#......#######
..# #..##+#### #.#
##.##.# #.# #..#.#
#.# ##.#.# #.#
#...# #.# ##..#


You could see a worm and Natasha.

Vanquished Creatures
  2 dart slugs (D:1)
  3 leopard geckos
  2 giant cockroaches (D:1)
  2 goblins (D:1)
  6 hobgoblins
  2 jackals (D:1)
  4 bats
  2 frilled lizards (D:1)
  3 kobolds
  5 rats
31 creatures vanquished.

Notes
Turn   | Place    | Note
-------+----------+-------------------------------------------
     0 | D:1      | KarmaPolice the Halfling Hunter began the quest for the Orb.
     0 | D:1      | Reached XP level 1. HP: 14/14 MP: 1/1
   237 | D:1      | Reached skill level 6 in Slings
   245 | D:1      | Reached XP level 2. HP: 14/19 MP: 2/2
   570 | D:1      | Reached XP level 3. HP: 17/24 MP: 3/3
  1154 | D:2      | Reached skill level 1 in Short Blades
  1186 | D:2      | Noticed Natasha
  1196 | D:2      | Slain by Natasha

Skill      XL: |  1  2  3 |
---------------+----------+-----
Slings         | 6 |  6.6
Fighting       | 2 |  2.0
Short Blades   | 1 |  1.0
Dodging        | |  2.9
Stealth        | |  1.1

Action                   || total
-------------------------++-------
Melee: Short sword       ||   168
  Eat: Chunk             ||     1
Armor: Leather armour    ||    16
       Ice dragon scales ||    84
Dodge: Dodged            ||   119
